 Dungeon Crawl Stone Soup version 0.20.1-1-g8b1a95d (webtiles) character file.

96 dvd the Ruffian (level 4, 0/61 HPs)
             Began as a Troll Transmuter on Oct 10, 2017.
             Slain by a bat (1 damage)
             ... on level 2 of the Dungeon.
             The game lasted 00:03:15 (895 turns).

dvd the Ruffian (Troll Transmuter)                   Turns: 895, Time: 00:03:16

Health: 0/61       AC: 22    Str: 18    XL:     4   Next: 41%
Magic:  5/5        EV:  1    Int: 10    God:
Gold:   85         SH:  0    Dex: 15    Spells: 5/6 levels left

rFire    . . .     SeeInvis .     - Unarmed
rCold    . . .     Gourm    +   (no shield)
rNeg     + + +     Faith    .   (armour currently unavailable)
rPois    +         Spirit   .   (helmet currently unavailable)
rElec    .         Reflect  .   (cloak currently unavailable)
rCorr    .         Harm     .   (gloves unavailable)
MR       .....     NoTele   +   (boots unavailable)
Stlth    ++........             (no amulet)
Regen    0.6/turn               (no ring)
MPRegen  0.1/turn               (no ring)

@: agile, lethally poisoned (0 -> 0), tree-form
A: unfitting armour, repulsion field 1, fast metabolism 3, gourmand,
regeneration 1
a: no special abilities


You were on level 2 of the Dungeon.
You were very full.
You were a tree.
You visited 1 branch of the dungeon, and saw 2 of its levels.

You collected 85 gold pieces.

Inventory:

Missiles
 a - 12 arrows
Armour
 b - a +0 robe (melded)
Jewellery
 h - an uncursed amulet of rage
Scrolls
 g - a scroll of magic mapping {unknown}
 l - 2 scrolls of identify {unknown}
 n - a scroll of enchant armour {unknown}
 o - a scroll of teleportation {unknown}
 p - a scroll of enchant weapon {unknown}
 r - a scroll of remove curse {unknown}
Potions
 i - 2 potions of magic
 j - a potion of lignification
Books
 c - a book of Changes

   Spells                             Type                      Level
   a - Beastly Appendage              Transmutation                1
   b - Sticks to Snakes               Transmutation                2
   c - Spider Form                    Transmutation/Poison         3
   d - Ice Form                       Ice/Transmutation            4
   e - Blade Hands                    Transmutation                5
Comestibles
 d - 3 bread rations
 m - 3 chunks of flesh
 q - a royal jelly


   Skills:
 + Level 1.1 Fighting
 + Level 2.2 Dodging
 + Level 0.1 Stealth
 + Level 4.2 Unarmed Combat
 + Level 1.5 Spellcasting
 * Level 1.6 Transmutations


You had 5 spell levels left.
You knew the following spells:

 Your Spells              Type           Power        Failure   Level  Hunger
a - Beastly Appendage     Tmut           #.....       17%         1    ##.....


Dungeon Overview and Level Annotations

Branches:
Dungeon (2/15)

Altars:
Trog

Annotations:
D:2 Robin


Innate Abilities, Weirdness & Mutations

You are too large for most types of armour.
((You have claws for hands.))
Your metabolism is lightning-fast.
You like to eat raw meat.
Your natural rate of healing is unusually fast.
((You are covered in fur. (AC +1)))
((You have very tough skin. (AC +2)))
You are surrounded by a mild repulsion field. (EV +2)
((You are resistant to electric shocks. (rElec)))
((You are occasionally teleported next to monsters.))


Message History

You feel agile all of a sudden.
The goblin no longer looks unusually strong.
The bat hits you but does no damage.
The hobgoblin hits you but does no damage.
The adder bites you but does no damage.
Robin's bangles clink loudly.
You hit the adder but do no damage.
The adder is moderately wounded.
You feel sick.
The goblin no longer looks unusually strong.
The bat hits you but does no damage. x2
The adder bites you but does no damage. The hobgoblin hits you with a club.
* * * LOW HITPOINT WARNING * * *
Okay, then.
Unknown command.
You closely miss the adder.
The adder is moderately wounded.
The hobgoblin no longer looks unusually strong.
The bat hits you.
You die...

.###..................#..##
..............##.......)##
.#............####.#...##
..#...........##.....###
..............##.#..##
..#.................##
.(.............###...##
#.#....##.....g#####..#
#.....#######ggb♣S##..#
#..##..## #.###gggg<#
...##... ###g..#
..<.#.##### ......#....#
.))........ .#g##..........
.......### ###.#.......
.......# ....[.....
.......# .. g..#.......
#......###.# ..##.......


You could see Robin, an adder, 2 hobgoblins, 5 goblins and a bat.

Vanquished Creatures
  Natasha (D:2)
  2 adders (D:2)
  An ooze (D:2)
  A worm (D:2)
  A leopard gecko (D:2)
  2 ball pythons (D:2)
  2 giant cockroaches (D:1)
  8 goblins
  5 hobgoblins
  6 jackals (D:2)
  4 kobolds
  4 bats
  A frilled lizard (D:1)
  5 rats
43 creatures vanquished.

Notes
Turn   | Place    | Note
-------+----------+-------------------------------------------
     0 | D:1      | dvd the Troll Transmuter began the quest for the Orb.
     0 | D:1      | Reached XP level 1. HP: 18/18 MP: 1/1
   210 | D:1      | Reached XP level 2. HP: 12/26 MP: 0/2
   426 | D:1      | Reached skill level 1 in Fighting
   618 | D:2      | Reached XP level 3. HP: 33/33 MP: 1/4
   662 | D:2      | Found a bloodstained altar of Trog.
   666 | D:2      | Noticed Natasha
   672 | D:2      | Killed Natasha
   672 | D:2      | Reached skill level 4 in Unarmed Combat
   709 | D:2      | Reached XP level 4. HP: 28/41 MP: 5/5
   861 | D:2      | Noticed Robin
   891 | D:2      | Gained mutation: You are surrounded by a mild repulsion field. (EV +2) [potion of mutation]
   891 | D:2      | Gained mutation: You are occasionally teleported next to monsters. [potion of mutation]
   891 | D:2      | Gained mutation: You are resistant to electric shocks. (rElec) [potion of mutation]
   894 | D:2      | HP: 1/61 [hobgoblin/club[Robin] (5)]
   895 | D:2      | Slain by a bat

Skill      XL: |  1  2  3 |
---------------+----------+-----
Fighting       | 1 |  1.1
Dodging        | 2 |  2.2
Unarmed Combat | 4 |  4.2
Stealth        | |  0.1
Spellcasting   | |  1.5
Transmutations | |  1.6

Action                   |  1- 3 |  4- 6 || total
-------------------------+-------+-------++-------
Melee: Unarmed           |    94 |    54 ||   148
       Headbutt          |     2 |     1 ||     3
       Kick              |     1 |     4 ||     5
 Cast: Beastly Appendage |     5 |     5 ||    10
  Use: Potion            |       |     5 ||     5
  Eat: Chunk             |    12 |     2 ||    14
Armor: Robe              |    42 |    43 ||    85
       Skin              |       |    14 ||    14
Dodge: Dodged            |    70 |    55 ||   125
